Map: New Repugnancy LE

Players

Spaghetti - Winner!

  • Race: Zerg Zerg
  • League: Diamond
  • Spawn Location: 1:00

Peirce

  • Race: Protoss Protoss
  • League: Diamond
  • Spawn Location: 7:00

VOD

Have the link to the VOD?

Description

Time

  • Played on: March 9, 2019, 2:03 a.m.
  • Length: 13:50
Show
View Real Time Build Order
Export as new Build Order

Spaghetti Zerg - Winner!

Build Orders: Hatch First, Lurkers, Roach Hydra 

Get SALT Encoding   

  12  0:02  Drone  
  13  0:13  Overlord  
  13  0:17  Drone  
  14  0:32  Drone x2  
  16  0:48  Drone  
  17  0:58  Drone  
  17  1:00  Drone  
  17  1:02  Hatchery  
  18  1:13  Extractor  
  18  1:16  Spawning Pool  
  16  1:25  Drone  
  16  1:26  Drone  
  16  1:31  Drone  
  19  1:48  Overlord  
  19  2:00  Drone  
  20  2:02  Hatchery  
  20  2:07  Queen  
  21  2:12  Zergling x2  
  21  2:14  Zergling x2  
  23  2:25  Metabolic Boost  
  23  2:29  Drone x2  
  25  2:32  Drone  
  26  2:46  Queen  
  26  2:48  Drone x2  
  26  2:49  Drone  
  31  2:54  Overlord  
  31  2:59  Drone  
  31  3:00  Drone  
  31  3:05  Overlord  
  33  3:13  Drone  
  33  3:19  Drone x5  
  39  3:23  Drone  
  40  3:27  Drone  
  41  3:37  Drone x2  
  41  3:38  Drone  
  44  3:47  Overlord x2  
  44  3:49  Drone x3  
  47  3:57  Drone x5  
  52  4:03  Roach Warren  
  52  4:07  Extractor  
  52  4:08  Extractor  
  49  4:12  Lair  
  49  4:21  Drone x2  
  49  4:22  Overlord x2, Drone  
  52  4:32  Evolution Chamber  
  52  4:35  Queen  
  52  4:37  Queen  
  55  4:43  Roach x3  
  55  4:44  Roach  
  65  4:45  Roach  
  65  4:48  Roach  
  65  4:50  Roach  
  71  4:52  Roach  
  71  4:55  Roach  
  71  4:57  Roach  
  71  4:59  Roach  
  77  5:07  Zerg Missile Weapons Level 1  
  77  5:15  Glial Reconstitution  
  77  5:21  Drone x3  
  77  5:22  Drone x2  
  77  5:27  Overseer  
  82  5:35  Overlord x3  
  82  5:37  Overlord  
  82  5:47  Extractor  
  82  5:48  Drone  
  81  5:55  Hydralisk Den  
  81  5:56  Roach x4  
  88  5:57  Drone x2  
  88  5:58  Drone x4  
  94  6:08  Drone  
  94  6:09  Drone x3  
  94  6:10  Drone  
  94  6:11  Overlord x2  
  99  6:12  Drone x4  
  99  6:13  Drone  
  104  6:27  Overlord x2  
  104  6:34  Extractor x2  
  102  6:44  Drone  
  102  6:46  Spore Crawler, Hatchery, Drone  
  102  6:48  Spore Crawler, Drone  
  102  6:51  Spore Crawler, Drone  
  102  6:52  Drone x3  
  105  6:54  Hydralisk  
  105  6:55  Hydralisk x6  
  119  7:03  Muscular Augments  
  119  7:07  Zerg Missile Weapons Level 2  
  119  7:12  Overseer  
  119  7:21  Hydralisk x3  
  119  7:22  Roach  
  127  7:25  Overlord  
  127  7:26  Overlord x2  
  127  7:33  Overlord x2  
  127  7:39  Roach x3, Hydralisk x2  
  137  7:54  Hydralisk  
  137  7:55  Roach x3, Hydralisk x4  
  137  7:56  Roach  
  155  8:09  Lurker Den, Roach  
  155  8:10  Roach x3  
  162  8:15  Grooved Spines  
  162  8:26  Roach x2, Hydralisk x4  
  172  8:27  Roach  
  172  8:29  Overlord x3  
  172  8:30  Overlord  
  176  8:48  Roach x3, Hydralisk x4  
  178  8:49  Roach, Hydralisk  
  178  8:51  Roach x2  
  197  9:17  Roach  
  197  9:24  Infestation Pit, Drone  
  199  9:43  Roach x2  
  179  10:09  Roach, Hydralisk x2  
  179  10:10  Roach x4, Hydralisk x3  
  197  10:24  Lurker x2  
  197  10:25  Lurker  
  197  10:27  Hive  
  198  10:50  Roach  
  194  11:10  Roach x3  
  195  11:31  Roach x3, Hydralisk x6  
  195  11:32  Roach, Hydralisk x2  
  190  11:33  Roach x2, Hydralisk x3  
  190  11:34  Roach x3  
  200  11:41  Hatchery  
  199  11:48  Drone  
  199  11:53  Extractor  
  199  11:55  Extractor  
  166  12:13  Roach x5, Hydralisk x4  
  168  12:16  Zergling x2  
  168  12:17  Zergling x8  
  165  12:39  Lurker x3  
  152  12:50  Roach x3, Hydralisk x4  
  152  12:51  Roach, Hydralisk x3  
  155  12:55  Adaptive Talons  
  161  12:59  Roach  
  161  13:04  Roach x2, Hydralisk x2  
  164  13:21  Hydralisk  
  164  13:22  Roach x4, Hydralisk x2  
  164  13:26  Lurker  
  164  13:27  Lurker  
Show
View Real Time Build Order
Export as new Build Order

Peirce Protoss 

Build Orders: 1 Gate Expand, Double Forge 

Get SALT Encoding   

  12  0:00  Probe  
  13  0:13  Probe  
  14  0:19  Pylon  
  14  0:25  Probe  
  15  0:37  Gateway  
  15  0:38  Probe  
  16  0:46  Probe  
  16  0:55  Probe  
  18  1:07  Probe  
  19  1:21  Nexus  
  19  1:31  Cybernetics Core  
  19  1:43  Gateway  
  19  1:50  Probe  
  19  1:52  Assimilator  
  20  1:54  Assimilator  
  20  1:58  Probe  
  20  2:08  Zealot  
  23  2:14  Pylon  
  23  2:17  Warp Gate  
  23  2:35  Probe x2  
  25  2:45  Robotics Facility  
  25  2:47  Gateway  
  25  2:49  Probe  
  26  2:52  Probe  
  27  3:01  Probe  
  27  3:04  Probe  
  29  3:10  Sentry  
  33  3:13  Stalker, Probe  
  33  3:16  Probe  
  35  3:22  Pylon  
  35  3:25  Probe  
  36  3:28  Probe  
  36  3:33  Observer  
  38  3:40  Probe x2  
  40  3:44  Pylon  
  40  3:52  Twilight Council  
  40  3:53  Probe x2  
  40  3:54  Pylon  
  42  3:59  Observer  
  43  4:10  Probe  
  43  4:11  Probe  
  43  4:16  Assimilator  
  45  4:23  Warp Prism, Probe x2  
  49  4:30  Forge  
  49  4:31  Forge  
  49  4:32  Charge  
  49  4:53  Templar Archives  
  49  4:55  Probe x2  
  51  5:09  Stalker  
  51  5:10  Stalker x2  
  57  5:18  Probe x2  
  57  5:20  Assimilator  
  59  5:23  Pylon  
  59  5:26  Pylon, Nexus  
  59  5:27  Pylon  
  59  5:30  Probe  
  59  5:31  Probe  
  59  5:34  Protoss Ground Weapons Level 1  
  61  5:35  Sentry x2  
  61  5:36  Zealot  
  67  5:44  Protoss Ground Armor Level 1  
  67  5:47  Probe x2  
  69  5:51  Immortal  
  73  6:07  Probe x2  
  73  6:09  Assimilator  
  73  6:10  Zealot x2  
  79  6:12  Zealot  
  79  6:14  Assimilator  
  81  6:19  Probe x2  
  81  6:24  Gateway  
  83  6:28  Gateway  
  83  6:34  Immortal  
  87  6:55  Probe  
  87  6:56  Probe x2  
  87  6:59  Zealot  
  87  7:00  Zealot x2  
  96  7:06  Psionic Storm  
  96  7:10  Blink  
  96  7:12  Probe x3  
  98  7:16  Observer  
  99  7:25  Photon Cannon  
  99  7:27  Photon Cannon  
  98  7:30  Pylon  
  98  7:31  Shield Battery  
  98  7:34  Probe, Photon Cannon x2  
  98  7:35  Probe x2  
  98  7:36  Protoss Ground Armor Level 2, Protoss Ground Weapons Level 2  
  101  7:45  High Templar x3  
  101  7:48  Zealot  
  109  8:08  Pylon  
  109  8:09  Pylon x2  
  109  8:25  Zealot  
  109  8:26  Zealot x3  
  117  8:28  Zealot  
  119  8:36  Robotics Facility  
  119  8:37  Gateway  
  119  8:39  Gateway  
  119  8:41  Robotics Bay  
  119  8:46  Gateway  
  119  8:49  Gateway  
  119  8:51  Gateway  
  119  8:53  Gateway  
  119  8:54  Gateway  
  119  9:06  Pylon  
  119  9:07  Nexus  
  119  9:09  Pylon  
  119  9:28  Pylon x2  
  119  9:31  Probe x3  
  121  9:33  Zealot x6  
  130  9:52  Stalker x3  
  131  9:53  Stalker x4  
  131  9:54  Zealot x3  
  146  10:06  Zealot  
  128  10:07  Zealot  
  130  10:15  Probe x3  
  130  10:19  Zealot x4  
  130  10:20  Zealot x3  
  147  10:24  High Templar  
  149  10:39  Nexus  
  147  10:42  Pylon  
  147  10:43  Pylon  
  135  11:27  Colossus  
  135  11:28  Colossus  
  75  11:45  High Templar x3  
  75  11:46  High Templar x7  
  75  11:47  High Templar x2  
  103  11:50  Archon x2  
  103  11:51  Archon x4  
  103  11:54  Photon Cannon  
  105  11:56  Photon Cannon  
  85  12:11  Colossus  
  85  12:13  Colossus  
  79  12:27  Zealot x2  
  79  12:28  Zealot x4  
  97  12:31  Zealot x3  
  97  12:32  Zealot x3  
  89  12:56  Nexus  
  89  13:03  Zealot x3  
  89  13:05  Observer  
  96  13:06  High Templar x2  
  96  13:11  Pylon  
  100  13:15  Archon  
  80  13:26  Observer  
  85  13:30  Stalker x3  
  85  13:31  Zealot  
  72  13:46  Zealot x3  
Tags
 
Add a new tag
Caveats
  • Supply blocks, unpowered buildings, or Contaminate may cause inaccurate times.
  • Supply counts are checked every 10 seconds.